 Dungeon Crawl Stone Soup version 0.21-a0-480-g5da0f0d (webtiles) character file.

427 slep the Slasher (level 6, -2/32 HPs)
             Began as a Vine Stalker Gladiator on Nov 23, 2017.
             Was a Follower of Okawaru.
             Slain by an ogre
             ... wielding a +0 giant club
              (9 damage)
             ... on level 4 of the Dungeon.
             The game lasted 00:11:08 (2345 turns).

slep the Slasher (Vine Stalker Gladiator)           Turns: 2345, Time: 00:11:09

Health: -2/32      AC:  8    Str: 17    XL:     6   Next: 97%
Magic:  0/7        EV: 14    Int:  8    God:    Okawaru [*.....]
Gold:   116        SH:  0    Dex: 17    Spells: 5/5 levels left

rFire    . . .     SeeInvis .   t - +0 flail (pain)
rCold    . . .     Gourm    .   (no shield)
rNeg     . . .     Faith    .   e - +0 scale mail
rPois    .         Spirit   +   c - +0 helmet
rElec    .         Reflect  .   (no cloak)
rCorr    .         Harm     .   (no gloves)
MR       .....                  x - +0 pair of boots
Stlth    ..........             (no amulet)
HPRegen  0.50/turn              q - +3 ring of evasion
MPRegen  0.10/turn              (no ring)

@: no status effects
A: fangs 2, regeneration 1, magic shield, antimagic bite, no potion heal 3, rot
immunity
a: Heroism, Renounce Religion


You were on level 4 of the Dungeon.
You worshipped Okawaru.
Okawaru was aware of your devotion.
You were very hungry.

You visited 1 branch of the dungeon, and saw 4 of its levels.

You collected 116 gold pieces.

Inventory:

Hand Weapons
 a - a +0 long sword
 l - a +1 short sword of draining
 o - a +1 hand axe of chopping
 t - a +0 flail of pain (weapon)
Missiles
 d - a throwing net (quivered)
Armour
 b - a +0 leather armour
 c - a +0 helmet (worn)
 e - a +0 scale mail (worn)
 x - a +0 pair of boots (worn)
Jewellery
 q - a +3 ring of evasion (left hand)
Scrolls
 h - 2 scrolls of teleportation {unknown}
 j - 5 scrolls of identify {unknown}
 m - 2 scrolls of random uselessness {unknown}
 r - 3 scrolls of enchant weapon {unknown}
 w - 2 scrolls of enchant armour {unknown}
Potions
 g - a potion of haste {unknown}
 k - 2 potions of curing
 n - a potion of magic {unknown}
 s - a potion of mutation {unknown}
Books
 u - a book of Conjurations

   Spells                             Type                      Level
   a - Magic Dart                     Conjuration                  1
   b - Searing Ray                    Conjuration                  2
   c - Dazzling Spray                 Conjuration/Hexes            3
   d - Fulminant Prism                Conjuration/Hexes            4
   e - Force Lance                    Conjuration/Translocation    4
   f - Iskenderun's Mystic Blast      Conjuration                  4
Comestibles
 f - 4 bread rations
 i - 2 meat rations
 p - 3 royal jellies


   Skills:
 + Level 2.7 Fighting
 + Level 4.8 Long Blades
 + Level 0.4 Maces & Flails
 + Level 1.9 Throwing
 + Level 2.3 Armour
 + Level 3.6 Dodging
 + Level 0.3 Stealth


You had 5 spell levels left.
You didn't know any spells.

Dungeon Overview and Level Annotations

Branches:
Dungeon (4/15)
 Temple: D:4-7

Altars:
Gozag
Hepliaklqana
Makhleb
Okawaru
Ru
Uskayaw
Vehumet
Wu Jian
Xom


Innate Abilities, Weirdness & Mutations

You have extremely sharp teeth.
Your natural rate of healing is unusually fast.
When hurt, damage is shared between your health and your magic reserves.
Your bite disrupts and absorbs the magic of your enemies.
Potions cannot restore your health.
You are immune to rotting.


Message History

You now have 116 gold pieces (gained 16).
An ogre comes into view. It is wielding a giant club.
The ogre shouts!
The ogre hits you with a giant club!!
You hit the ogre.
The ogre is moderately wounded.
The ogre barely misses you.
You hit the ogre. You bite the ogre. You drain its power.
You feel invigorated.
The ogre is heavily wounded.
The ogre closely misses you.
Your scale mail prevents you from hitting the ogre.
You bite the ogre, but do no damage.
The ogre is heavily wounded.
The ogre closely misses you.
You hit the ogre.
The ogre is heavily wounded.
The ogre hits you with a giant club!!
* * * LOW HITPOINT WARNING * * *
The ogre hits you with a giant club!
You die...

...........^....#
#######.#########
..........#
########.#.#
.........#.#
##########.########
...............#
#############.#####.##
........O@......###.##
.....%........#......#
######################


You could see an ogre.

Vanquished Creatures
  A scorpion (D:4)
  A hound (D:4)
  A bullfrog skeleton (D:4)
  A gnoll shaman (D:4)
  An orc wizard (D:4)
  A worker ant (D:4)
  7 gnolls
  7 adders
  An ooze (D:4)
  3 worms (D:2)
  2 dart slugs
  4 leopard geckos
  16 orcs
  2 giant cockroaches
  6 goblins
  3 hobgoblins (D:2)
  5 jackals
  2 kobolds
  4 quokkas
  7 bats
  3 frilled lizards
  9 rats
87 creatures vanquished.

Notes
Turn   | Place    | Note
-------+----------+-------------------------------------------
     0 | D:1      | slep the Vine Stalker Gladiator began the quest for the Orb.
     0 | D:1      | Reached XP level 1. HP: 11/11 MP: 2/2
   306 | D:1      | Reached XP level 2. HP: 15/15 MP: 3/3
   410 | D:2      | Reached skill level 3 in Long Blades
   420 | D:2      | Found a shimmering altar of Xom.
   423 | D:2      | Found a burning altar of Makhleb.
   436 | D:2      | Reached XP level 3. HP: 14/18 MP: 4/4
   647 | D:2      | Reached skill level 1 in Armour
   647 | D:2      | Gained mutation: Your natural rate of healing is unusually fast. [Vine Stalker growth]
   647 | D:2      | Reached XP level 4. HP: 14/23 MP: 5/5
   902 | D:2      | You fall through a shaft for 2 floors!
   929 | D:4      | Reached XP level 5. HP: 6/26 MP: 3/6
   941 | D:4      | Found a radiant altar of Vehumet.
   946 | D:4      | Found an opulent altar of Gozag.
   952 | D:4      | Found an iron altar of Okawaru.
   989 | D:4      | Became a worshipper of Warmaster Okawaru
  1000 | D:4      | Reached skill level 4 in Long Blades
  1070 | D:4      | Reached XP level 6. HP: 32/32 MP: 7/7
  1259 | D:4      | Reached * piety under Okawaru
  1402 | D:3      | Found an ornate altar of the Wu Jian Council.
  1528 | D:3      | Found a hide-covered altar of Uskayaw.
  1530 | D:3      | Noticed a dagger
  1530 | D:3      | Noticed a hand axe
  1666 | D:3      | Found a faded altar of an unknown god.
  1708 | D:3      | Found a hazy altar of Hepliaklqana.
  1839 | D:3      | Found a sacrificial altar of Ru.
  2345 | D:4      | Slain by an ogre

Vault maps used:
D:1:      minmay_arrival_open_corners
D:2:      chequers_temple_overflow_statue_of_worship, first_bread, st_stairs_2
D:3:      nicolae_overflow_crystal_walls, marbit_many_paths, old_standard_altar,
          dancing_weapons_uskayaw, chequers_ecumenical_altar_simple
D:4:      minmay_overflow_temple_star_quad, grunt_ministairs_8

Skill      XL: |  1  2  3  4  5  6 |
---------------+-------------------+-----
Long Blades    | 3 4 |  4.8
Dodging        | 3 |  3.6
Fighting       | 2 |  2.7
Armour         | 1 2 |  2.3
Maces & Flails | |  0.4
Throwing       | |  1.9
Stealth        | |  0.3

Action                   |  1- 3 |  4- 6 || total
-------------------------+-------+-------++-------
Melee: Long sword        |    59 |   103 ||   162
       Bite              |    25 |    61 ||    86
       Flail             |       |    80 ||    80
Throw: Throwing net      |       |     3 ||     3
  Use: Potion            |       |     3 ||     3
 Stab: Held in net/web   |       |     1 ||     1
  Eat: Chunk             |       |     4 ||     4
Armor: Scale mail        |    26 |    67 ||    93
Dodge: Dodged            |    41 |   173 ||   214
       Rpst.: Long sword |    16 |    28 ||    44

Table legend:
 A = Spawn XP
 B = Non-spawn XP
 C = Spawn XP percentage of total XP
 D = Spawn monster count
 E = Non-spawn monster count
 F = Spawn count percentage of total count
 G = Total turns spent on level
                    A         B        C        D         E        F      G
               +---------+---------+-------+---------+---------+-------+---------
         Total |       0 |     610 |   0.0 |       0 |      87 |   0.0 |  2345
               +---------+---------+-------+---------+---------+-------+---------
           D:1 |       0 |      11 |   0.0 |       0 |       6 |   0.0 |   393
           D:2 |       0 |      94 |   0.0 |       0 |      28 |   0.0 |   509
           D:3 |       0 |     156 |   0.0 |       0 |      35 |   0.0 |   907
           D:4 |       0 |     349 |   0.0 |       0 |      18 |   0.0 |   536
               +---------+---------+-------+---------+---------+-------+---------
